[Event "Late-Titled-Tuesday-Blitz-April-16-2024"]
[Site "Chess.com"]
[Date "2024.04.16"]
[Round "6"]
[White "RantomOpening"]
[Black "Karttunen"]
[Result "1/2-1/2"]
[WhiteElo "2537"]
[BlackElo "2693"]
[TimeControl "180+1"]
[EndTime "15:03:50 PDT"]
[Termination "Game drawn by agreement"]

1. c4 Nf6 2. Nf3 g6 3. Nc3 Bg7 4. e4 d6 5. d4 O-O 6. Be2 e5 7. Be3 Nc6 8. O-O Ng4 9. Bg5 f6 10.
Bc1 Nh6 11. dxe5 dxe5 12. Nd5 Nb8 13. Be3 c6 14. Nc3 Be6 15. Qc2 Nd7 16. Rfd1 Nf7 17. h3 Re8 18. c5 Qe7 19. Na4 f5 20. exf5 gxf5 21. Rab1 Nf6 22. Ng5 Nxg5 23. Bxg5 Qf7 24. Rd6 Nd5 25. Nc3 Bf8 26. Nxd5 cxd5 27. Bb5 Rec8 28.
Qe2 Rxc5 29. Rxe6 Qxe6 30. Ba4 Bg7 31. Rd1 Kh8 32. Qh5 d4 33. Bb3 Qg6 34. Qh4 a5 35. Re1 a4 36. Bd1 Qc6 37. Bh5 e4 38. b4 axb3 39.
axb3 d3 40. b4 Rc2 41. Rd1 Qc3 42. Be3 Qf6 43. Qf4 h6 44. g4 fxg4 45. Qxe4 gxh3 46. Qxd3 Rcc8 47. Bg4 Rd8 48. Qe2 Rxd1+ 49. Qxd1 Ra1 50.
Bc1 Qg5 51. Bxg5 Rxd1+ 52. Bxd1 hxg5 53. b5 Be5 54. b6 Kg7 55. Bf3 Bd4 56. Bxb7 Bxb6 57.
Bc8 h2+ 58. Kxh2 Bxf2 59. Kg2 Be3 60. Bb7 Bf4 61. Ba8 Kf6 62. Bb7 Kg7 1/2-1/2

[Event "Late-Titled-Tuesday-Blitz-April-16-2024"]
[Site "Chess.com"]
[Date "2024.04.16"]
[Round "6"]
[White "IsaqueGoncalvesSanto"]
[Black "Licancabur"]
[Result "0-1"]
[WhiteElo "1891"]
[BlackElo "2451"]
[TimeControl "180+1"]
[EndTime "15:03:50 PDT"]
[Termination "Licancabur won on time"]

1. d4 d5 2. c4 dxc4 3. Nc3 a6 4. e3 b5 5. a4 b4 6. Na2 e6 7. Bxc4 Bb7 8. Nf3 Nf6 9. O-O Nbd7 10. a5 c5 11. Bd2 Rc8 12. Qe2 Bxf3 13. gxf3 cxd4 14. exd4 Qxa5 15. Nxb4 Qh5 16. Bxe6 fxe6 17. Qxe6+ Be7 18.
Rfe1 Qf7 19. Rxa6 O-O 20. Qxe7 Qg6+ 21. Kh1 Rfe8 22. Qd6 Rxe1+ 23. Bxe1 Re8 24. Ra1 Qf5 25. Qg3 Qb5 26. Bc3 Nd5 27. Rg1 g6 28. Qg5 N7f6 29.
Nxd5 Nxd5 30. h4 Qc6 31. Qg2 Rf8 32. Rc1 Rf4 33. Qg3 Qf6 34. Bd2 Rxh4+ 35. Kg2 Rh5 36.
Be3 Rf5 37. Rc8+ Kg7 38. Rc5 h5 39. Ra5 Qf7 40. Qd6 Kh7 41. Rxd5 Rxd5 42. Qf4 Rf5 43.
Qh6+ Kg8 0-1

[Event "Late-Titled-Tuesday-Blitz-April-16-2024"]
[Site "Chess.com"]
[Date "2024.04.16"]
[Round "6"]
[White "picturesquecheck"]
[Black "guillembaches"]
[Result "0-1"]
[WhiteElo "2403"]
[BlackElo "2530"]
[TimeControl "180+1"]
[EndTime "15:03:52 PDT"]
[Termination "guillembaches won by resignation"]

1. e4 d5 2. exd5 Qxd5 3. Nc3 Qa5 4. d4 Nf6 5. Bd2 Bg4 6. f3 Bd7 7. Bc4 Qb6 8. Nge2 e6 9. O-O Be7 10. Kh1 O-O 11. Bb3 Nc6 12. Be3 Na5 13. Bg1 c5 14. d5 Nxb3 15. axb3 Rad8 16. dxe6 Bxe6 17. Qe1 a6 18.
Nf4 Rfe8 19. Nxe6 Qxe6 20. Qxe6 fxe6 21. Rad1 Nd5 22. Rfe1 Bf6 23. Nxd5 exd5 24. Rxe8+ Rxe8 25. Bxc5 Bxb2 26. h4 Re2 27. Rxd5 Rxc2 28. b4 Rc4 29. g3 b6 30. Bxb6 Rxb4 31. Ba5 Rb3 32. Kg2 Rb5 33. Rd8+ Kf7 34. Bd2 Bf6 35. Rd7+ Ke8 36. Rd3 Rb2 37. Kh3 Rb6 38. Ra3 h6 39. Ra4 Kf7 40. f4 Rd6 41.
Be3 Re6 42. Bf2 h5 43. Kg2 Rc6 44. Kf3 g6 45. Kg2 Be7 46. Ra5 Bf6 47. f5 gxf5 48. Rxf5 Kg6 49. Ra5 Bd8 50. Ra4 Bf6 51. Kh3 Be7 52.
Be3 Bf6 53. Bf4 Be7 54. Ra5 Bf6 55. Bg5 Bg7 56. Bd8 Bh6 57. Bg5 Bg7 58. Rd5 Re6 59.
Bd8 Rc6 60. Rg5+ Kh6 61. Ra5 Re6 62. Bg5+ Kg6 63. Bf4 Rc6 64. Kg2 Re6 65. Kf3 Bf6 66. Rd5 Be7 67. Bg5 Bf8 68. Bd8 Bg7 69. Rg5+ Kh6 70.
Rg6+ Rxg6 0-1

[Event "Late-Titled-Tuesday-Blitz-April-16-2024"]
[Site "Chess.com"]
[Date "2024.04.16"]
[Round "6"]
[White "MaxLeto"]
[Black "RebecaJimnz"]
[Result "0-1"]
[WhiteElo "2413"]
[BlackElo "2267"]
[TimeControl "180+1"]
[EndTime "15:03:52 PDT"]
[Termination "RebecaJimnz won by checkmate"]

1. g4 d5 2. Bg2 Bxg4 3. c4 c6 4. Qb3 Bc8 5. cxd5 g6 6. Nc3 Bg7 7. h4 Nf6 8. d3 O-O 9. Bd2 cxd5 10. Nxd5 Nxd5 11. Bxd5 Nc6 12. Nf3 Bg4 13. Bc3 Bxf3 14. Bxf3 Nd4 15. Bxd4 Qxd4 16. O-O-O a5 17. Kb1 a4 18.
Qa3 b5 19. e3 Qf6 20. Bxa8 Rxa8 21. Rd2 Rb8 22. Qb4 Qc6 23. Rc1 Qf3 24. Rdc2 Rd8 25. d4 Qe4 26. Qxb5 a3 27. b3 h5 28.
Qa5 Ra8 29. Qxa8+ Qxa8 30. Rc8+ Qxc8 31. Rxc8+ Kh7 32. Ra8 Bf6 33. Rxa3 Bxh4 34. Ra8 Bxf2 35. Kc2 h4 36. Kd3 h3 37. Rc8 h2 38. Rc1 Bg1 39. b4 h1=Q 40. Rb1 Qg2 41. Rb3 Qf1+ 42. Kc3 Qc1+ 43. Kd3 Qxe3+ 44. Kc4 Qe2+ 45. Kc5 Qc2+ 46.
Kb6 Bxd4+ 47. Kb7 Qxa2 48. Rh3+ Kg7 49. b5 Qd5+ 50. Kb8 Be5+ 51. Kc8 Qe6+ 52. Kb7 Qxh3 53.
b6 Qd7+ 54. Ka8 Qc6+ 55. b7 Bc7 56. Ka7 Qa4# 0-1

[Event "Late-Titled-Tuesday-Blitz-April-16-2024"]
[Site "Chess.com"]
[Date "2024.04.16"]
[Round "6"]
[White "CURRUTACO59"]
[Black "HanSchut"]
[Result "0-1"]
[WhiteElo "2153"]
[BlackElo "2322"]
[TimeControl "180+1"]
[EndTime "15:03:52 PDT"]
[Termination "HanSchut won on time"]

1. Nf3 Nf6 2. d3 g6 3. c4 Bg7 4. g3 O-O 5. Nc3 d5 6. cxd5 Nxd5 7. Bg2 Nxc3 8. bxc3 Bxc3+ 9. Bd2 Bg7 10. O-O c5 11.
Rb1 Nc6 12. Qa4 Rb8 13. Rfc1 Qd6 14. Be3 b6 15. Nd2 Bd7 16. Qh4 Nd4 17. Nc4 Qe6 18. Bxd4 Bxd4 19. Re1 Qf6 20. Qe4 Bxf2+ 21. Kh1 Bxe1 22.
Rxe1 Rbc8 23. Ne5 Qe6 24. Rf1 f6 25. Nxd7 Qxd7 26. h4 e5 27. Kh2 Kg7 28. Bh3 f5 29. Qxe5+ Kg8 30. Bg2 Rce8 31. Bd5+ Rf7 32. Bxf7+ Kxf7 33. Qb2 Qe6 34. Rf2 Qe3 35. Kg2 Qe5 36. Qb3+ Qe6 37.
Qa3 Qd7 38. Qb3+ Kg7 39. Qc3+ Qd4 40. Qa3 a5 41. h5 Qd5+ 42. Kh2 g5 43. Qc3+ Qe5 44.
Qb3 Re6 45. Qb5 Kh6 46. Qd7 f4 47. gxf4 gxf4 48. Qf7 f3+ 49. Kg1 fxe2 0-1

[Event "Late-Titled-Tuesday-Blitz-April-16-2024"]
[Site "Chess.com"]
[Date "2024.04.16"]
[Round "6"]
[White "HamedWafa4"]
[Black "Mackster23"]
[Result "0-1"]
[WhiteElo "2759"]
[BlackElo "2587"]
[TimeControl "180+1"]
[EndTime "15:03:53 PDT"]
[Termination "Mackster23 won by resignation"]

1. e4 c6 2. d4 d5 3. e5 c5 4.
c3 Nc6 5. Be2 cxd4 6. cxd4 Bf5 7.
Nc3 e6 8. Nf3 h6 9. O-O Nge7 10.
a3 Bg4 11. b4 Nf5 12. Be3 Bxf3 13. Bxf3 Be7 14. Rc1 Bg5 15. Qd3 O-O 16. Rfd1 Bxe3 17.
fxe3 Qg5 18. Re1 Nh4 19. Qf1 f6 20. exf6 Rxf6 21. Kh1 Raf8 22. b5 Na5 23. e4 Nxf3 24.
gxf3 Rxf3 25. Qg2 Qxg2+ 26. Kxg2 Nb3 27. Rc2 Nxd4 28. Rcc1 Rf2+ 29. Kh1 Nf3 30. Re2 Rxe2 31. Nxe2 d4 32. Rc7 d3 33. Nc3 d2 34. Kg2 Nd4 35. Rxb7 Rc8 36. Nd1 Rc1 37. Nf2 d1=Q 38.
Nxd1 Rxd1 39. a4 Ra1 40. Rxa7 Nxb5 41. Ra6 Nc3 42. Rxe6 Rxa4 43. e5 Ne4 44. Re7 Ng5 45. e6 Kf8 46. Rb7 Nxe6 47. Rd7 Rf4 48. Ra7 Rf7 49.
Ra8+ Ke7 50. Ra5 Kf6 51. h4 Rc7 52. Ra2 Rc4 53. Kg3 Rc3+ 54. Kg4 Rc4+ 55. Kg3 g6 56. Rf2+ Kg7 57. Re2 Nd4 58. Re7+ Kf6 59. Ra7 Nf5+ 60. Kf3 Rxh4 61. Ra1 Rb4 62. Ra6+ Kg5 63. Ra1 h5 64. Rg1+ Kf6 65. Rc1 Rb6 66. Ra1 g5 67. Ra3 g4+ 68. Kg2 h4 69. Ra2 Kg5 70. Rc2 h3+ 71. Kh2 g3+ 72. Kxh3 Rh6+ 0-1

[Event "Late-Titled-Tuesday-Blitz-April-16-2024"]
[Site "Chess.com"]
[Date "2024.04.16"]
[Round "6"]
[White "teresin05"]
[Black "lluiss"]
[Result "1-0"]
[WhiteElo "2326"]
[BlackElo "2108"]
[TimeControl "180+1"]
[EndTime "15:03:54 PDT"]
[Termination "teresin05 won on time"]

1. e4 c5 2. Nf3 d6 3. d4 cxd4 4. Nxd4 Nf6 5. f3 e5 6. Nb3 d5 7.
Bg5 d4 8. c3 Nc6 9. cxd4 Bb4+ 10.
Nc3 exd4 11. a3 Be7 12. Nb5 h6 13. Bf4 O-O 14. N3xd4 Nxd4 15. Qxd4 Bd7 16. Be2 Bxb5 17.
Qxd8 Rfxd8 18. Bxb5 Bc5 19. Ke2 Bd4 20. Rab1 a6 21. Bd3 Rac8 22. Rhd1 Nd7 23. Be3 Ne5 24. Bxd4 Rxd4 25. Ke3 Rcd8 26. Be2 Nc4+ 27. Kf2 Rxd1 28. Rxd1 Rxd1 29. Bxd1 Nxb2 30. Bb3 Nd3+ 31. Ke3 Nc5 32. Bd5 b6 33. Kd4 Kf8 34. Bc4 Ke7 35. a4 a5 36. Bb5 Kd6 37. e5+ Kc7 38. Kd5 Nb3 39. f4 Nd2 40. f5 Nb3 41. e6 fxe6+ 42. Kxe6 Nd4+ 43. Kf7 Nxf5 44. Kg6 Nd4 45. Be8 b5 46. axb5 1-0

[Event "Late-Titled-Tuesday-Blitz-April-16-2024"]
[Site "Chess.com"]
[Date "2024.04.16"]
[Round "6"]
[White "JaackCamel"]
[Black "Bkmzzzzz"]
[Result "0-1"]
[WhiteElo "2232"]
[BlackElo "2380"]
[TimeControl "180+1"]
[EndTime "15:03:56 PDT"]
[Termination "Bkmzzzzz won on time"]

1. d4 d5 2. c4 dxc4 3. Nf3 a6 4.
e3 Nf6 5. Bxc4 e6 6. O-O c5 7. a4 Nc6 8. Nc3 Be7 9. Re1 O-O 10. h3 b6 11. Qe2 cxd4 12. Rd1 Bb7 13. exd4 Nb4 14.
Bf4 Nfd5 15. Bg3 Rc8 16. Rac1 h6 17. Ne5 Bg5 18. Ra1 Bf6 19. Ne4 Be7 20. Bb3 Nf6 21. Nc3 Nfd5 22. Ne4 Nf6 23. Nc3 Re8 24. Rac1 Nfd5 25.
Ne4 Rxc1 26. Rxc1 Nf6 27. Nxf6+ Bxf6 28. Rd1 Qe7 29. Qd2 Rd8 30. Bf4 a5 31. Bc4 Nc6 32. Qd3 Rxd4 33. Nxc6 Bxc6 34. Qe2 Rxf4 35. b3 Rd4 36.
Rc1 e5 37. Bb5 Bxb5 38. Qxb5 Qd6 39. Qa6 Kh7 40. Re1 e4 41. Qb5 Rd1 42. Qf5+ g6 43. Qxe4 Rxe1+ 44. Qxe1 Qd5 45. Qe3 Bd4 46. Qf4 Bc5 47. Qg3 Qe4 48. Kh2 Qc2 49. Qf3 Qf5 50. Qc3 Bxf2 51. Qc7 Be3 52. Kh1 Qf1+ 53. Kh2 Bf4+ 0-1

[Event "Late-Titled-Tuesday-Blitz-April-16-2024"]
[Site "Chess.com"]
[Date "2024.04.16"]
[Round "6"]
[White "Hrant_ChessMood"]
[Black "Guriempire"]
[Result "0-1"]
[WhiteElo "2969"]
[BlackElo "2827"]
[TimeControl "180+1"]
[EndTime "15:03:57 PDT"]
[Termination "Guriempire won on time"]

1. d4 Nf6 2. c4 e6 3. Bf4 b6 4. a3 Bb7 5. Nc3 Be7 6. Nf3 O-O 7. h3 d6 8. e3 Nbd7 9. Be2 Ne4 10. Nxe4 Bxe4 11. O-O f5 12. Bh2 Bf6 13. Nd2 Bb7 14.
Bf3 Qc8 15. b4 a5 16. Qb3 Bxf3 17. Nxf3 Qe8 18. Rfc1 Kh8 19. Rab1 axb4 20. axb4 g5 21. c5 g4 22. hxg4 fxg4 23. Nd2 bxc5 24. dxc5 Bh4 25.
Ne4 d5 26. Bg3 Bd8 27. Nc3 h5 28. c6 Nb6 29. Nb5 Qf7 30. Qb2+ Kg8 31. Qe2 Qg7 32. Nd4 Qg6 33. Nb5 Qg7 34. Nd4 Re8 35. Bh2 h4 36. g3 h3 37. Rd1 Bf6 38. Nb5 Nc4 39. Nxc7 Qxc7 40. Qxg4+ Qg7 41. Qxh3 Ne5 42. b5 Kf7 43.
Qh5+ Ke7 44. Qe2 Rh8 45. f4 Ng4 46. b6 Rxh2 47. Qf3 Rah8 48. b7 Qh7 49. Kf1 Rh1+ 50. Ke2 Qc2+ 51. Rd2 R8h2+ 0-1

[Event "Late-Titled-Tuesday-Blitz-April-16-2024"]
[Site "Chess.com"]
[Date "2024.04.16"]
[Round "6"]
[White "Kostukov_Alex"]
[Black "Oleg_Papayan"]
[Result "1-0"]
[WhiteElo "2342"]
[BlackElo "2678"]
[TimeControl "180+1"]
[EndTime "15:03:57 PDT"]
[Termination "Kostukov_Alex won by resignation"]

1. g3 d5 2. Bg2 e5 3. c4 dxc4 4.
Qa4+ Nd7 5. Qxc4 a6 6. Nf3 Ngf6 7. O-O b5 8. Qc2 Bb7 9. Nc3 Be7 10. d4 exd4 11. Nxd4 Bxg2 12. Kxg2 c5 13. Nc6 Qb6 14. Nxe7 Kxe7 15. Bg5 Qc6+ 16. e4 Rhc8 17. Rfe1 h6 18. Nd5+ Kf8 19. Nxf6 Nxf6 20. Bxf6 Qxf6 21. e5 Qc6+ 22.
Kg1 c4 23. Qh7 Qg6 24. Qxg6 fxg6 25. Rad1 Rd8 26. f4 Ke7 27. Kf2 Rac8 28. Ke2 b4 29.
Rxd8 Rxd8 30. Rd1 Rxd1 31. Kxd1 Ke6 32. Kd2 Kd5 33. Ke3 g5 34. h4 g4 35. h5 a5 36.
Kd2 Kc5 37. Ke2 a4 38. Kd2 Kc6 39. Kc2 Kd5 40. a3 bxa3 41. bxa3 Kc5 42. Kc3 Kd5 43. Kb4 Kd4 44. e6 c3 45. e7 c2 46. e8=Q c1=Q 47. Qe5+ Kd3 48. Qd5+ Ke3 49. Qg2 Qb1+ 50. Kxa4 Qb6 51.
Qg1+ Kf3 52. Qxb6 1-0

[Event "Late-Titled-Tuesday-Blitz-April-16-2024"]
[Site "Chess.com"]
[Date "2024.04.16"]
[Round "6"]
[White "Abund"]
[Black "Caterpiller35"]
[Result "1-0"]
[WhiteElo "2789"]
[BlackElo "2485"]
[TimeControl "180+1"]
[EndTime "15:03:59 PDT"]
[Termination "Abund won by resignation"]

1. e4 c5 2. Nc3 Nc6 3. f4 a6 4. a4 e6 5. Nf3 d5 6. d3 Nf6 7. g3 dxe4 8. Nxe4 Nxe4 9. dxe4 Qxd1+ 10. Kxd1 b6 11. c3 Bb7 12. Bd3 O-O-O 13. Ke2 f6 14.
Be3 Be7 15. Rhd1 Kc7 16. Bc4 Bc8 17. Ba2 e5 18. f5 Bb7 19. Bd5 Na5 20. Bxb7 Kxb7 21.
Rxd8 Rxd8 22. Nd2 Kc6 23. g4 h6 24. Rc1 c4 25. Rg1 Bc5 26. Bxc5 bxc5 27. h4 Rb8 28. Rb1 Rd8 29. Rh1 Rb8 30. Rb1 Rd8 31. g5 hxg5 32. hxg5 Rh8 33. Rg1 Rh2+ 34. Kd1 fxg5 35. Rxg5 Rh1+ 36.
Kc2 Rh2 37. Rg6+ Kb7 38. Rxg7+ Kb6 39. Rg6+ Kb7 40. Kd1 Rh1+ 41. Ke2 Rh2+ 42. Ke3 Rh3+ 43. Nf3 Nc6 44. f6 Nd8 45. f7 Nxf7 46. Rg7 Kb6 47.
Rxf7 Ka5 48. Rf6 Kxa4 49. Rxa6+ Kb3 50. Rb6+ Kc2 51. Kf2 Kd3 52. Rd6+ Kc2 53. Rd2+ Kb3 54. Nxe5 Rh2+ 55. Ke3 Rh3+ 56. Nf3 1-0

[Event "Late-Titled-Tuesday-Blitz-April-16-2024"]
[Site "Chess.com"]
[Date "2024.04.16"]
[Round "6"]
[White "Denisenko_Denis"]
[Black "WilsonPalencia21"]
[Result "1-0"]
[WhiteElo "2429"]
[BlackElo "2556"]
[TimeControl "180+1"]
[EndTime "15:03:59 PDT"]
[Termination "Denisenko_Denis won on time"]

1. d4 Nf6 2. Bf4 c5 3. e3 d5 4. c3 Nc6 5. Nd2 Qb6 6. Qb3 c4 7. Qc2 Nh5 8. Bg5 h6 9. Bh4 g5 10. Be2 Ng7 11. Bg3 Bf5 12. Qc1 h5 13. h4 g4 14. e4 Bxe4 15. Nxe4 dxe4 16. Bxc4 Nf5 17. Ne2 Rc8 18. Qf4 Nd6 19. Bd5 Qxb2 20. Rd1 Bh6 21.
Bxc6+ Rxc6 22. Qe5 f6 23. Qxh5+ Kf8 24. Qxg4 f5 25. Qh3 Rg8 26. Bxd6 Rxd6 27. Qxf5+ Rf6 28. Qxe4 Rgg6 29. Qb1 Qxb1 30. Rxb1 Rxg2 31. Rf1 Rh2 32. Rxb7 Ra6 33. Rb2 Rxh4 34. Ng3 Bf4 35. Ke2 Ke8 36.
Nf5 Rh7 37. Kd3 Rf6 38. Ne3 Rh3 39. Re1 Ra6 40. Ke4 Bd6 41. Nf5 Ba3 42. Rc2 Kf7 43. Ne3 Re6+ 44. Kd3 Ra6 45. Ree2 Bd6 46. Ke4 Rh4+ 47.
Kf3 Rf4+ 48. Kg2 Bb8 49. Nd5 Rg6+ 50. Kf1 1-0

[Event "Late-Titled-Tuesday-Blitz-April-16-2024"]
[Site "Chess.com"]
[Date "2024.04.16"]
[Round "6"]
[White "WindWhistler11"]
[Black "laskakid"]
[Result "1-0"]
[WhiteElo "2504"]
[BlackElo "2357"]
[TimeControl "180+1"]
[EndTime "15:03:59 PDT"]
[Termination "WindWhistler11 won by checkmate"]

1. Nf3 d6 2. g3 e5 3. d3 Nf6 4. Bg2 g6 5. Nbd2 Bg7 6. e4 O-O 7. O-O c6 8. c3 Nbd7 9. b4 a5 10. a3 axb4 11. cxb4 b5 12. Nb3 Nb6 13. Na5 Bd7 14.
Be3 Na4 15. Rc1 c5 16. h3 Ra7 17. Nb3 Re8 18. bxc5 dxc5 19. Nxc5 Nxc5 20. Bxc5 Ra4 21. Bd6 Nh5 22. Bb4 Qb6 23. Kh2 Raa8 24. Qb3 Be6 25. Qb2 Bd7 26. Bc5 Qf6 27. Nd2 Bh6 28. Rc2 Rac8 29. Nb3 Ng7 30. d4 exd4 31. Bxd4 Qe6 32.
Nc5 Qe7 33. Nd3 Be6 34. Rc5 Rcd8 35. Ne5 Nh5 36. Nc6 Qd7 37. Nxd8 Rxd8 38. Bc3 Bc4 39. Re1 Qd6 40. Bb4 Qb8 41. e5 Bf8 42. Rc6 Bg7 43.
f4 g5 44. Qc1 gxf4 45. gxf4 Bh6 46. Re4 Bd5 47. Rxh6 Bxe4 48. Rxh5 Bxg2 49. Rg5+ Kh8 50. Be7 Rg8 51. Bf6+ Rg7 52. Rxg7 h6 53. Rxg2+ Kh7 54. Qc2# 1-0

[Event "Late-Titled-Tuesday-Blitz-April-16-2024"]
[Site "Chess.com"]
[Date "2024.04.16"]
[Round "6"]
[White "NMJeevanK"]
[Black "Flawless_Fighter"]
[Result "1-0"]
[WhiteElo "2573"]
[BlackElo "2751"]
[TimeControl "180+1"]
[EndTime "15:04:00 PDT"]
[Termination "NMJeevanK won by resignation"]

1. e4 c6 2. d4 d5 3. exd5 cxd5 4. Bd3 Nc6 5. c3 Nf6 6. Bf4 Bg4 7. Qb3 Qd7 8. Nd2 e6 9. Ngf3 Bd6 10. Bxd6 Qxd6 11.
O-O O-O 12. Rfe1 Bxf3 13. Nxf3 Nd7 14. Qd1 a6 15. a4 g6 16. Qd2 Rfe8 17. Qh6 Qf8 18.
Qh4 Qg7 19. Re3 h5 20. Rae1 Rab8 21. Ng5 Nf8 22. Rf3 Re7 23. Nh3 b5 24. axb5 axb5 25. Rg3 b4 26. Nf4 bxc3 27. Nxh5 Qxd4 28. Nf6+ Kg7 29.
Nh5+ Kh8 30. Nf4+ Kg8 31. bxc3 Qxc3 32. Rf1 Qd4 33. Rh3 Rb4 34. g4 Qg7 35. Ng2 Ne5 36. Be2 Re4 37. Qxe7 Rxe2 38. Qh4 Re4 39. f4 Nc4 40. Qf2 d4 41. f5 Rxg4 42. f6 Qh7 43. Rxh7 Nxh7 44. Qe2 Ne3 45. Rf2 Ng5 46. Kh1 Ne4 47.
Nxe3 Nxf2+ 48. Qxf2 dxe3 49. Qxe3 Rc4 50. Qh6 1-0

[Event "Late-Titled-Tuesday-Blitz-April-16-2024"]
[Site "Chess.com"]
[Date "2024.04.16"]
[Round "6"]
[White "esrosenberg"]
[Black "chess_sharparchitect"]
[Result "1/2-1/2"]
[WhiteElo "2335"]
[BlackElo "2239"]
[TimeControl "180+1"]
[EndTime "15:04:01 PDT"]
[Termination "Game drawn - insufficient material"]

1. d4 Nf6 2. Nf3 d5 3. g3 c5 4. Bg2 Nc6 5. O-O e6 6. c4 dxc4 7. dxc5 Bxc5 8. Qxd8+ Nxd8 9. Ne5 O-O 10. Nxc4 Nc6 11.
Nc3 Bd7 12. Be3 Bxe3 13. Nxe3 Rfd8 14. Rac1 Rac8 15. Rfd1 Ne5 16. b3 Bc6 17. Rxd8+ Rxd8 18. Bxc6 Nxc6 19. Nc4 b6 20. f3 Kf8 21. Kf2 Ke7 22.
Rd1 Rxd1 23. Nxd1 Nd5 24. e4 Ndb4 25. a3 Nd3+ 26. Ke3 Nc5 27. b4 Nd7 28. Nc3 Nde5 29. Nd2 f5 30. h3 Kd6 31. f4 Nd7 32. Nc4+ Ke7 33. e5 h6 34. Nd6 g5 35. Ncb5 a6 36. Nc7 gxf4+ 37. gxf4 Ndb8 38. b5 axb5 39. Ncxb5 Nd7 40.
Kf3 Nd8 41. Kg3 Nf7 42. Kh4 Nxd6 43. Nxd6 Kf8 44. Kh5 Kg7 45. Ne8+ Kf7 46. Nc7 Nc5 47. Kxh6 Nd3 48. Kg5 Nf2 49. Kh4 Nd3 50. Kg3 Nb2 51.
h4 Nc4 52. h5 Nxa3 53. h6 b5 54. h7 Kg7 55. Nxe6+ Kxh7 56. Kf3 Kg6 57. Ke3 Nc2+ 58. Kd3 Ne1+ 59. Kd4 Ng2 60. Kc5 Kf7 61. Ng5+ Ke7 62. Nh3 Ke6 63. Kxb5 Kd5 64. Kb6 Ne3 65. Kc7 Ke6 66.
Ng5+ Ke7 67. Kc6 Ng2 68. Nh3 Ke6 69. Kc5 Nxf4 70. Nxf4+ Kxe5 71. Nh5 f4 72. Nxf4 1/2-1/2

[Event "Late-Titled-Tuesday-Blitz-April-16-2024"]
[Site "Chess.com"]
[Date "2024.04.16"]
[Round "6"]
[White "PotapovaM"]
[Black "LuisFSiles"]
[Result "1/2-1/2"]
[WhiteElo "2535"]
[BlackElo "2399"]
[TimeControl "180+1"]
[EndTime "15:04:06 PDT"]
[Termination "Game drawn by repetition"]

1. e4 c5 2. Nf3 Nc6 3. Bb5 g6 4. Bxc6 dxc6 5. d3 Bg7 6. h3 Nf6 7. Nc3 Nd7 8. Be3 b6 9. Qd2 h6 10. O-O e5 11. Nh2 Nf8 12. f4 exf4 13. Rxf4 Be6 14.
Rf2 g5 15. Nf1 Ng6 16. Ng3 Bd4 17. Raf1 Qd6 18. Nf5 Bxf5 19. Rxf5 Nf4 20. Ne2 Nxe2+ 21. Qxe2 Bxe3+ 22. Qxe3 O-O 23. Rf6 Qd4 24. Qxd4 cxd4 25.
Rxh6 c5 26. Rhf6 Kg7 27. R1f5 Rae8 28. Rd6 f6 29. Kf2 Re5 30. Rd7+ Kg6 31. g4 Rf7 32. Rd6 Re8 33. Kg3 Rh8 34. e5 Rhf8 35. a4 Kh6 36. Rfxf6+ Rxf6 37. Rxf6+ Rxf6 38. exf6 Kg6 39. Kf3 Kxf6 40. Ke4 Ke6 41. c3 dxc3 42. bxc3 a6 43. d4 c4 44. d5+ Kd6 45. Kd4 b5 46. a5 Kd7 47. Kc5 Kc7 48. d6+ Kd7 49. Kd5 Kd8 50. Kc5 Kd7 51. Kd5 Kd8 52. Kc5 Kd7 1/2-1/2

[Event "Late-Titled-Tuesday-Blitz-April-16-2024"]
[Site "Chess.com"]
[Date "2024.04.16"]
[Round "6"]
[White "MikaelyanArman"]
[Black "Szparu"]
[Result "0-1"]
[WhiteElo "2755"]
[BlackElo "2890"]
[TimeControl "180+1"]
[EndTime "15:04:07 PDT"]
[Termination "Szparu won by resignation"]

1. d4 Nf6 2. Nf3 e6 3. g3 c5 4. c4 cxd4 5. Nxd4 d5 6. Bg2 e5 7.
Nf3 d4 8. O-O Nc6 9. e3 Be7 10.
exd4 exd4 11. Bf4 O-O 12. Ne5 Qb6 13. Qb3 Nb4 14. a3 Na6 15. Nd2 Nh5 16. Nd3 Bf5 17.
Qxb6 axb6 18. Be4 Bxe4 19. Nxe4 Rac8 20. Bd6 Rfe8 21. Rfe1 f5 22. Bxe7 fxe4 23. Rxe4 Nf6 24. Ree1 Rxc4 25. Bd6 Rxe1+ 26. Rxe1 Nc5 27. Bxc5 bxc5 28.
Re2 b6 29. Kf1 Nd5 30. Re8+ Kf7 31. Rd8 Ke6 32. Re8+ Ne7 33. Rb8 Rc2 34. Rxb6+ Kd5 35. b3 Ke4 36. Nf4 Kf3 37. Re6 Rxf2+ 38. Kg1 Nf5 39. Nd3 Rg2+ 40. Kh1 Ra2 41. Re1 Ne3 42. Nxc5 Rxa3 43. b4 Ra2 44. b5 Rb2 45. Ne6 d3 46. Nd4+ Kf2 47. Ra1 d2 48. b6 d1=Q+ 49. Rxd1 Nxd1 50.
Nf5 Rxb6 51. h4 Rb1 52. Kh2 Ne3 53. Nxg7 Rb2 54. Kh3 Rb1 55. Kh2 Ng4+ 56. Kh3 Kf3 0-1

[Event "Late-Titled-Tuesday-Blitz-April-16-2024"]
[Site "Chess.com"]
[Date "2024.04.16"]
[Round "6"]
[White "Anton_Demchenko"]
[Black "TangerineandLemon25"]
[Result "1-0"]
[WhiteElo "2957"]
[BlackElo "2604"]
[TimeControl "180+1"]
[EndTime "15:04:08 PDT"]
[Termination "Anton_Demchenko won by resignation"]

1. e4 c5 2. Nf3 d6 3. d4 cxd4 4.
Qxd4 Nc6 5. Qe3 Nf6 6. Nc3 e6 7. b3 Be7 8. Bb2 Bd7 9. O-O-O a6 10. Rg1 h5 11. h3 h4 12. Kb1 Qa5 13. g3 hxg3 14. Rxg3 Nh5 15. Rg1 Qc5 16. Qe1 Qa5 17.
Qd2 Rc8 18. Ng5 b5 19. f4 Qb6 20. Be2 Nf6 21. Bd3 Nb4 22. e5 dxe5 23. fxe5 Nfd5 24.
Nxd5 Nxd5 25. Ne4 Qe3 26. Qg2 Qxh3 27. Qxg7 Rf8 28. Nd6+ Bxd6 29. exd6 Nf4 30. Bf6 Nd5 31.
Bb2 Qh2 32. Rh1 Qxd6 33. Rh8 Rxh8 34. Qxh8+ Qf8 35. Qh5 Qe7 36. Rg1 Qf8 37. Rf1 Ke7 38. Ba3+ b4 39. Bb2 Nc3+ 40. Ka1 f6 41. Qh4 Nd5 42.
Bc4 Bb5 43. Re1 Bxc4 44. bxc4 Nc3 45. Qf4 Qf7 46. Qe3 e5 47. Qa7+ Kf8 48. Qxa6 Qxc4 49. Qxf6+ Qf7 50. Qh8+ Qg8 51. Rf1+ Ke7 52. Qxe5+ Qe6 53.
Qg7+ Kd6 54. Rf6 Re8 55. Rxe6+ Rxe6 56. Bxc3 bxc3 57. Qxc3 1-0

[Event "Late-Titled-Tuesday-Blitz-April-16-2024"]
[Site "Chess.com"]
[Date "2024.04.16"]
[Round "6"]
[White "Mops_2004"]
[Black "mbojan"]
[Result "1-0"]
[WhiteElo "2826"]
[BlackElo "2961"]
[TimeControl "180+1"]
[EndTime "15:04:09 PDT"]
[Termination "Mops_2004 won on time"]

1. g3 g6 2. d4 Bg7 3. e4 d6 4.
Nc3 Bd7 5. Bg2 Qc8 6. h3 e5 7.
Nf3 Nc6 8. Be3 Nf6 9. d5 Ne7 10. Nd2 h5 11. Nf3 Nh7 12. Qd2 b5 13. a4 b4 14. Ne2 a5 15. c3 bxc3 16. Nxc3 Rb8 17. Nb5 Bxb5 18. axb5 Rxb5 19. Rxa5 Rxa5 20. Qxa5 O-O 21.
O-O c5 22. dxc6 Nxc6 23. Qb5 Nd4 24. Nxd4 exd4 25. Bf4 Qe6 26. Ra1 h4 27. g4 Be5 28.
Bd2 Qf6 29. f4 Bxf4 30. Rf1 Qe5 31. Qxe5 Bxe5 32. b4 Rb8 33. Rb1 Nf8 34. b5 Ne6 35. b6 Nc5 36. Rb5 Na4 37. Ba5 Nc5 38. Kf2 Kf8 39.
Kf3 Ke7 40. Bf1 d3 41. Ke3 Bh2 42. Bxd3 Bg1+ 43. Ke2 Kd7 44. Bc4 Kc6 45. Rb1 Nxe4 46. Rxg1 d5 47. Bd3 Ng3+ 48. Ke3 Ra8 49. Rc1+ Kb7 50.
Rc7+ Kb8 51. Bb4 d4+ 52. Kxd4 Ra4 53. Kc3 f5 54. Bd6 Ne4+ 55. Bxe4 fxe4 56. Rc4+ Kb7 57. Rxa4 1-0

[Event "Late-Titled-Tuesday-Blitz-April-16-2024"]
[Site "Chess.com"]
[Date "2024.04.16"]
[Round "6"]
[White "ansko1999"]
[Black "stasOR4ik"]
[Result "1-0"]
[WhiteElo "2583"]
[BlackElo "2428"]
[TimeControl "180+1"]
[EndTime "15:04:09 PDT"]
[Termination "ansko1999 won by resignation"]

1. Nf3 d5 2. b3 Nf6 3. Bb2 g6 4. g3 Bg7 5. Bg2 O-O 6. O-O Re8 7. d3 Nbd7 8. c4 c6 9. cxd5 cxd5 10. Nc3 e5 11. Rc1 a6 12. Na4 b6 13. d4 e4 14.
Ne5 Bb7 15. f3 b5 16. Nxd7 Nxd7 17. Nc5 Nxc5 18. Rxc5 Rc8 19. Qd2 e3 20. Rxc8 Bxc8 21. Qc3 Bf5 22. Rc1 h5 23. f4 h4 24. Qc7 hxg3 25.
hxg3 Qe7 26. Qxe7 Rxe7 27. Rc5 Be6 28. Bxd5 Kh7 29. Bxe6 Rxe6 30. d5 Rd6 31. Bxg7 Kxg7 32. Kg2 Kf6 33. Kf3 g5 34. Kxe3 gxf4+ 35. gxf4 Rd8 36.
Kf3 Ke7 37. e4 a5 38. Rxb5 a4 39. bxa4 Rc8 40. f5 Rc3+ 41. Kf4 Ra3 42. Rb7+ Ke8 43. Ra7 Rxa2 44. Ke5 Kd8 45. Kd6 Kc8 46. Rxf7 Rxa4 47.
Rf8+ Kb7 48. Ke5 Kc7 49. Rf7+ Kd8 50. f6 Ra3 51. Rb7 Ke8 52. Ke6 Ra8 53. Rh7 Ra6+ 54.
d6 Rxd6+ 55. Kxd6 Kf8 56. Ke6 Kg8 57. Ra7 1-0